 Dungeon Crawl Stone Soup version 0.24-a0-420-g24607be9ce (webtiles) character file.

Game seed: 10774918186013643902

155 Amnesiac the Magician (level 5, 0/35 HPs)
             Began as a Mummy Ice Elementalist on June 11, 2019.
             Slain by a crimson imp (2 damage)
             ... on level 4 of the Dungeon.
             The game lasted 00:05:33 (2473 turns).

Amnesiac the Magician (Mummy Ice Elementalist)      Turns: 2473, Time: 00:05:34

Health: 0/35       AC:  2    Str: 11    XL:     5   Next: 14%
Magic:  1/13       EV: 12    Int: 15    God:
Gold:   135        SH:  0    Dex: 18    Spells: 10/15 levels left

rFire    x . .     SeeInvis .   (no weapon)
rCold    + . .     Gourm    .   (no shield)
rNeg     + + +     Faith    .   a - +0 robe
rPois    ∞         Spirit   .   (no helmet)
rElec    .         Reflect  .   (no cloak)
rCorr    .         Harm     .   (no gloves)
MR       .....                  (no boots)
Stlth    ++........             (no amulet)
HPRegen  0.11/turn              c - ring of flight
MPRegen  0.13/turn              h - +5 ring of dexterity

@: very slightly contaminated
A: no food or potions, fire vulnerability, cold resistance 1, negative energy
resistance 3, torment resistance, unbreathing
a: Evoke Flight


You were on level 4 of the Dungeon.
You were not hungry.

You visited 1 branch of the dungeon, and saw 4 of its levels.

You collected 135 gold pieces.

Inventory:

Armour
 a - a +0 robe (worn)
Jewellery
 c - a ring of flight (left hand)
 h - a +5 ring of dexterity (right hand)
Wands
 i - a wand of iceblast (6)
Scrolls
 b - a scroll of remove curse {!r, unknown}
 d - a scroll of teleportation {!r, unknown}
 e - a scroll of fear {!r}
 f - 2 scrolls of fog {!r}
 g - 2 scrolls of identify {!r}


   Skills:
 - Level 1.5 Dodging
 - Level 1.5 Stealth
 - Level 5.5 Spellcasting
 * Level 2.4 Conjurations
 - Level 2.5 Ice Magic


You had 10 spell levels left.
You knew the following spells:

 Your Spells              Type           Power        Failure   Level  Hunger
a - Freeze                Ice            ##..         5%          1    N/A
d - Throw Icicle          Conj/Ice       ##......     50%         4    N/A

Your spell library contained the following spells:

 Spells                   Type           Power        Failure   Level  Hunger
 Throw Frost              Conj/Ice       ##....       9%          2    N/A
 Ozocubu's Armour         Chrm/Ice       #.......     28%         3    N/A
 Summon Ice Beast         Ice/Summ       #.......     67%         4    N/A

Dungeon Overview and Level Annotations

Branches:
Dungeon (4/15)
 Temple: D:4-7

Altars:
Xom

Annotations:
D:2 Robin
D:3 Jessica


Innate Abilities, Weirdness & Mutations

You do not eat or drink.
Your flesh is vulnerable to fire.
You are immune to poison.
Your flesh is cold resistant. (rC+)
You are immune to negative energy. (rN+++)
You are immune to unholy pain and torment.
You can survive without breathing.


Message History

Confirm with . or Enter, or press ? or * to list all spells.
Aiming: Freeze (safe; 5% risk of failure)
Press: ? - help, Shift-Dir - straight line, f/p - crimson imp
Aim: a crimson imp, wielding a +0 dagger of chaos (grey smoke, almost dead)
The crimson imp is frozen!
You freeze the crimson imp!
You kill the crimson imp!
You have reached level 5!
You feel agile.
Casting: Freeze (safe; 5% risk of failure)
Confirm with . or Enter, or press ? or * to list all spells.
Aiming: Freeze (safe; 5% risk of failure)
Press: ? - help, Shift-Dir - straight line, f - crimson imp
Aim: a crimson imp (grey smoke)
The crimson imp is frozen!
You freeze the crimson imp.
The crimson imp is moderately wounded.
The crimson imp misses you.
Casting: Freeze (safe; 5% risk of failure)
Confirm with . or Enter, or press ? or * to list all spells.
Aiming: Freeze (safe; 5% risk of failure)
Press: ? - help, Shift-Dir - straight line, f/p - crimson imp
Aim: a crimson imp (grey smoke, lightly wounded)
The crimson imp is frozen!
You freeze the crimson imp.
The crimson imp is moderately wounded.
The crimson imp hits you.
* * * LOW HITPOINT WARNING * * *
The crimson imp blinks!
Casting: Freeze (safe; 5% risk of failure)
Confirm with . or Enter, or press ? or * to list all spells.
Aiming: Freeze (safe; 5% risk of failure)
Press: ? - help, Shift-Dir - straight line, f/p - crimson imp
Aim: a crimson imp (grey smoke, moderately wounded)
The crimson imp is frozen!
You freeze the crimson imp.
The crimson imp is heavily wounded.
The crimson imp blinks!
The crimson imp hits you.
* * * LOW HITPOINT WARNING * * *
You see here a +0 dagger of chaos.
You hit the crimson imp but do no damage.
The crimson imp hits you.
* * * LOW HITPOINT WARNING * * *
The crimson imp blinks!
You closely miss the crimson imp. The crimson imp misses you.
You hit the crimson imp.
The crimson imp is lightly wounded.
The crimson imp hits you.
* * * LOW HITPOINT WARNING * * *
The crimson imp blinks!
Really read
e - 2 scrolls labeled WAXTUEROUS {!r}?
As you read the scroll labeled WAXTUEROUS {!r}, it crumbles to dust.
You assume a fearsome visage.
The crimson imp is unaffected. x3
It was a scroll of fear {!r}.
The crimson imp closely misses you. The crimson imp spits at you.
The crimson imp hits you.
* * * LOW HITPOINT WARNING * * *
Really read
j - a scroll of blinking {!r}? [Y]es or [N]o only, please.
Really read
j - a scroll of blinking {!r}?
Blink to where?
Press: ? - help, Dir - move target cursor, p - crimson imp
As you read the scroll of blinking {!r}, it crumbles to dust.
The crimson imp hits you.
* * * LOW HITPOINT WARNING * * *
The crimson imp hits you.
You die...

#5.§5[..#.#.##^#5#
#5###..##.#.(#...#
#.#.<..##...5'5_.+
#.##.5......5#...#
#....#.####.##^#^#
###5.........#§# #
#§###...#.####
#§#.......!...#
####@#.##+#.......
#§555#. .........
###### .#..(...#
..#....#.# ..###.#
.##


You could see 3 crimson imps.

Vanquished Creatures
  A crimson imp (D:4)
  A worker ant (D:4)
  A gnoll (D:3)
  3 adders (D:2)
  2 oozes
  A worm (D:2)
  A dart slug (D:1)
  A ball python (D:2)
  6 bats
  3 giant cockroaches
  8 goblins (D:2)
  6 hobgoblins
  A jackal (D:2)
  7 kobolds
  A leopard gecko skeleton (D:3)
  4 rats
47 creatures vanquished.

Notes
Turn   | Place    | Note
-------+----------+-------------------------------------------
     0 | D:1      | Amnesiac the Mummy Ice Elementalist began the quest for the
                  | Orb.
     0 | D:1      | Reached XP level 1. HP: 13/13 MP: 4/4
   126 | D:2      | Reached skill level 3 in Spellcasting
   311 | D:1      | Reached XP level 2. HP: 19/19 MP: 2/6
   434 | D:1      | Reached skill level 4 in Spellcasting
   675 | D:2      | Reached XP level 3. HP: 14/24 MP: 4/8
   889 | D:2      | Noticed Robin
  1237 | D:2      | Reached skill level 5 in Spellcasting
  1572 | D:2      | Reached XP level 4. HP: 24/30 MP: 6/11
  1578 | D:2      | Learned a level 4 spell: Throw Icicle
  1966 | D:3      | Reached skill level 1 in Conjurations
  1983 | D:3      | Noticed Jessica
  2004 | D:3      | Found a faded altar of an unknown god.
  2419 | D:4      | Found a shimmering altar of Xom.
  2464 | D:4      | Reached XP level 5. HP: 10/35 MP: 2/13
  2473 | D:4      | Slain by a crimson imp

Levels and vault maps discovered:
D:1:      dpeg_arrival_water_altar, layout_loops_ring
D:2:      cheibrodos_old_hovel, layout_basic, uniq_sigmund, uniq_robin
D:3:      layout_loops_ring, first_ration, chequers_ecumenical_altar_simple,
          uniq_jessica
D:4:      layout_basic, lemuel_doored_altar, marbit_many_paths,
          lemuel_round_altar, old_standard_altar,
          minmay_temple_entry_glassed_door, serial_shops, shop, led_xom_imps,
          uniq_natasha, uniq_blork_the_orc

Skill      XL: |  1  2  3  4 |
---------------+-------------+-----
Spellcasting   | 3 4 5 |  5.5
Conjurations   | 2 |  2.4
Dodging        | |  1.5
Stealth        | |  1.5
Ice Magic      | |  2.5

Action                   |  1- 3 |  4- 6 || total
-------------------------+-------+-------++-------
Melee: Unarmed           |     1 |    14 ||    15
 Cast: Freeze            |    70 |    38 ||   108
  Use: Scroll            |       |     4 ||     4
Armor: Robe              |     5 |     7 ||    12
Dodge: Dodged            |    33 |    33 ||    66

Table legend:
 A = Non-vault XP
 B = Vault XP
 C = Vault XP percentage of total XP
 D = Non-vault monster count
 E = Vault monster count
 F = Vault count percentage of total count
                 A         B        C        D         E       F
            +---------+---------+-------+---------+---------+-------
      Total |     164 |      58 |  26.1 |      40 |       7 |  14.9
            +---------+---------+-------+---------+---------+-------
        D:1 |      23 |       0 |   0.0 |      10 |       0 |   0.0
        D:2 |      78 |      12 |  13.3 |      21 |       6 |  22.2
        D:3 |      27 |       0 |   0.0 |       8 |       0 |   0.0
        D:4 |      36 |      46 |  56.1 |       1 |       1 |  50.0
            +---------+---------+-------+---------+---------+-------
